 Dungeon Crawl Stone Soup version 0.27-a0-1273-gec92ba881d (webtiles) character file.

Game seed: 4988862381504295104

44 bobarctor the Grave Robber (level 3, -1/19 HPs)
             Began as a Deep Elf Necromancer on June 11, 2021.
             Succumbed to an adder's poison
             ... on level 2 of the Dungeon.
             The game lasted 00:06:05 (1740 turns).

bobarctor the Grave Robber (Deep Elf Necromancer)   Turns: 1740, Time: 00:06:06

Health: -1/19      AC:  2    Str:  5    XL:     3   Next: 41%
Magic:  0/11       EV: 12    Int: 20    God:
Gold:   37         SH:  0    Dex: 15    Spells: 6/11 levels left

rFire    . . .     SeeInvis .   i - +2 short sword (vamp)
rCold    . . .     Faith    .   (no shield)
rNeg     . . .     Spirit   .   a - +0 robe
rPois    .         Reflect  .   (no helmet)
rElec    .         Harm     .   (no cloak)
rCorr    .         Rampage  .   (no gloves)
Will     .....                  (no boots)
Stlth    ++........             (no amulet)
HPRegen  0.06/turn              (no ring)
MPRegen  0.12/turn              (no ring)

@: lethally poisoned (-1 -> -13)
A: no striking features
a: no special abilities


You were on level 2 of the Dungeon.
You visited 1 branch of the dungeon, and saw 2 of its levels.

You collected 37 gold pieces.

Inventory:

Hand Weapons
 c - a +0 dagger
 i - a +2 vampiric short sword (weapon)
Missiles
 d - 2 curare-tipped darts
 e - 5 datura-tipped darts
 h - 29 bolts
 j - 4 stones (quivered)
Armour
 a - a +0 robe (worn)
Scrolls
 f - a scroll of fear
 g - a scroll of amnesia {unknown}


   Skills:
 + Level 2.4 Dodging
 + Level 2.4 Stealth
 * Level 4.7 Spellcasting
 + Level 5.3 Necromancy


You had 6 spell levels left.
You knew the following spells:

 Your Spells              Type           Power      Damage    Failure   Level
a - Pain                  Necr           100%       1d9       1%          1
b - Animate Skeleton      Necr           50%        N/A       1%          1
c - Vampiric Draining     Necr           12%        2d7       4%          3

Your spell library contained the following spells:

 Spells                   Type           Power      Damage    Failure   Level
 Animate Dead             Necr           12%        N/A       14%         4
 Agony                    Necr           25%        N/A       36%         5


Dungeon Overview and Level Annotations

Branches:
Dungeon (2/15)

Altars:

Annotations:
D:2 Robin


Message History

You kill the goblin!
Robin roars a battlecry!
The goblin goes into a battle-frenzy!
Things that are here:
a +0 dagger; a goblin corpse Robin says, "A pitiful Elf like you will never find the ORB!"
An adder comes into view.
Found 5 poisoned darts and 12 gold pieces.
The adder hisses angrily.
A ball python comes into view.
The adder closely misses you.
Found a stone staircase leading down.
Found 12 gold pieces.
The helpless ball python fails to defend itself.
You hit the ball python.
You kill the ball python!
The adder barely misses you. The adder closely misses you.
The adder bites you but does no damage.
Casting: Vampiric Draining (quite dangerous; 4% risk of failure)
Confirm with . or Enter, or press ? or * to list all spells.
The spell is quite dangerous to cast (4% risk of failure)!
Continue anyway?
Aiming: Vampiric Draining (quite dangerous; 4% risk of failure)
Press: ? - help, Shift-Dir - straight line, f - adder
Aim: an adder You draw life force from the adder.
You feel life coursing into your body. The adder bites you.
You are lethally poisoned!
The adder poisons you!
You barely miss the adder.
The adder is heavily wounded.
* * * LOW HITPOINT WARNING * * *
You feel sick. The adder closely misses you. The adder bites you.
* * * LOW HITPOINT WARNING * * *
You are more poisoned.
The adder poisons you!
You aren't carrying any potions.
As you read the scroll labelled UDDUATHRYEKYBECH, it crumbles to dust.
It is a scroll of identify.
f - a scroll of fear You die...

##############
#.....gS@>$..#
#####w#######.......
#.......# ###.###
#....g..# .#
#.......####
#..........#
#.......##.#
....$(...##.#
..........##)#


You could see a worm, Robin and an adder.

Vanquished Creatures
  An adder (D:2)
  2 dart slugs (D:1)
  An endoplasm (D:1)
  8 goblins (D:2)
  5 hobgoblins
  2 jackals (D:2)
  4 ball pythons
  2 frilled lizards (D:1)
  3 kobolds
  A rat (D:2)
29 creatures vanquished.

Notes
Turn   | Place    | Note
-------+----------+-------------------------------------------
     0 | D:1      | bobarctor the Deep Elf Necromancer began the quest for the
                  | Orb.
     0 | D:1      | Reached XP level 1. HP: 10/10 MP: 6/6
   340 | D:1      | Reached skill level 5 in Necromancy
   590 | D:1      | Reached XP level 2. HP: 13/15 MP: 5/8
   986 | D:1      | You fall into a shaft and drop 1 floor!
  1362 | D:1      | Reached XP level 3. HP: 17/19 MP: 7/10
  1364 | D:1      | Learned a level 1 spell: Animate Skeleton
  1368 | D:1      | Learned a level 3 spell: Vampiric Draining
  1647 | D:2      | Noticed Robin
  1740 | D:2      | Succumbed to an adder's poison

Illustrated notes

Levels and vault maps discovered:
D:1:      saegor_arrival_simple_b, layout_loops_ring
D:2:      layout_basic, basic_altar, uniq_robin

Skill      XL: |  1  2 |
---------------+-------+-----
Necromancy     | 5 |  5.3
Spellcasting   | 4 |  4.7
Dodging        | |  2.4
Stealth        | |  2.4

Action                   || total
-------------------------++-------
Melee: Short sword       ||     6
 Cast: Pain              ||    44
       Vampiric Draining ||     4
  Use: Scroll            ||     1
 Stab: Sleeping          ||     1
Armor: Robe              ||     4
Dodge: Dodged            ||    16

Table legend: (Time is in decaauts)
 A = Elapsed time spent in this place.
 B = Non-inter-level travel time spent in this place.
 C = Inter-level travel time spent in this place.
 D = Time resting spent in this place.
 E = Time spent auto-exploring this place.
 F = Levels seen in this place.
 G = Mean time per level.
                   A        B        C        D        E       F      G
               +--------+--------+--------+--------+--------+-----+--------+
         Total |   1740 |   1676 |     64 |    650 |    804 |   2 |  870.0 |
       Dungeon |   1740 |   1676 |     64 |    650 |    804 |   2 |  870.0 |
               +--------+--------+--------+--------+--------+-----+--------+

Top non-repeatable levels by time:
     D:1: 1443 daAuts
     D:2: 296 daAuts
